[Event "Early-Titled-Tuesday-Blitz-September-26-2023"]
[Site "Chess.com"]
[Date "2023.09.26"]
[Round "11"]
[White "carokannlover213"]
[Black "remi04"]
[Result "0-1"]
[WhiteElo "2731"]
[BlackElo "2853"]
[TimeControl "180+1"]
[EndTime "10:05:15 PDT"]
[Termination "remi04 won by checkmate"]

1. e4 c5 2. Nf3 d6 3. d4 cxd4 4. Nxd4 Nf6 5. Nc3 a6 6. Be2 e5 7. Nb3 Be6 8. Be3 Be7 9. Nd5 Nxd5 10. exd5 Bf5 11. Qd2 Nd7 12. O-O O-O 13. Na5 Qc7 14. c4 Bd8 15. b4 Rc8 16. Rac1 Qb8 17. Nb3 Nf6 18. c5 Be4 19. Bc4 b5 20. cxb6 Bxb6 21. Bxa6 Rxc1 22. Rxc1 Nxd5 23. a3 Nxe3 24. fxe3 Qa7 25.
Qe2 Bxe3+ 26. Kh1 Bxc1 27. Nxc1 f5 28. Nb3 Kh8 29. a4 Bd5 30. Nd2 f4 31. a5 Qd4 32.
b5 Qa1+ 33. Qf1 Qxa5 34. Nf3 e4 35. Ng5 f3 36. Qd1 f2 37. Qf1 Bc4 38. b6 Qxa6 39. Nf7+ Rxf7 40. h4 Bxf1 41. g4 Qe2 42. h5 Qf3+ 43.
Kh2 Qg2# 0-1

[Event "Early-Titled-Tuesday-Blitz-September-26-2023"]
[Site "Chess.com"]
[Date "2023.09.26"]
[Round "11"]
[White "AndrewB92"]
[Black "pinguino120"]
[Result "1-0"]
[WhiteElo "2358"]
[BlackElo "2216"]
[TimeControl "180+1"]
[EndTime "10:05:15 PDT"]
[Termination "AndrewB92 won by resignation"]

1. d4 d5 2. c4 e6 3. Nc3 c6 4. Nf3 Nf6 5. Bg5 h6 6. Bh4 dxc4 7. e4 g5 8. Bg3 b5 9. h4 g4 10. Ne5 Nbd7 11. Be2 Bb7 12. Qc2 Bg7 13. Rd1 Qb6 14. O-O Nxe5 15. Bxe5 O-O-O 16. b3 cxb3 17. axb3 a6 18. Qc1 Rhg8 19. Qf4 Nh5 20. Qxf7 Bxe5 21.
Qxe6+ Kb8 22. Qxe5+ Ka8 23. Qxh5 Rxd4 24. Qxh6 g3 25. Qe3 gxf2+ 26. Qxf2 c5 27. Nd5 Bxd5 28. exd5 Rb4 29. d6 Kb8 30. d7 Rd8 31. Qf6 Rd4 32.
Qxb6+ 1-0

[Event "Early-Titled-Tuesday-Blitz-September-26-2023"]
[Site "Chess.com"]
[Date "2023.09.26"]
[Round "11"]
[White "kleopl"]
[Black "Eagle_2019"]
[Result "0-1"]
[WhiteElo "2460"]
[BlackElo "2672"]
[TimeControl "180+1"]
[EndTime "10:05:17 PDT"]
[Termination "Eagle_2019 won by resignation"]

1. e4 e6 2. d4 d5 3. Nd2 Be7 4.
c3 c5 5. exd5 cxd4 6. dxe6 Bxe6 7. Bb5+ Nc6 8. Bxc6+ bxc6 9. cxd4 Qxd4 10. Ngf3 Qd5 11.
O-O Nf6 12. Qe2 O-O 13. b3 a5 14. Bb2 Qb5 15. Rfe1 Bb4 16. Nd4 Qxe2 17. Rxe2 Bd5 18. Rc1 Rfe8 19. Rxe8+ Rxe8 20. Bc3 Bxc3 21. Rxc3 Re1+ 22.
Nf1 Ne4 23. Re3 Rd1 24. Nf3 f5 25. Re1 Rxe1 26. Nxe1 Nc3 27. Ne3 Nxa2 28. Nxf5 Nb4 29. Ne7+ Kf7 30. Nxd5 cxd5 31. Kf1 Ke6 32. Ke2 d4 33.
Nd3 Nc6 34. f4 Kd5 35. Kf3 Ne7 36. g4 Nc6 37. h4 g6 38. h5 gxh5 39. gxh5 h6 40.
Kg4 Ke4 41. Nc5+ Ke3 42. f5 Ne5+ 43. Kg3 d3 44. Na4 d2 45. Nb2 Kd4 46. Kf4 Nd3+ 47.
Nxd3 Kxd3 48. f6 d1=Q 49. Ke5 Qxb3 0-1

[Event "Early-Titled-Tuesday-Blitz-September-26-2023"]
[Site "Chess.com"]
[Date "2023.09.26"]
[Round "11"]
[White "WPWPWP-2015"]
[Black "mapleaff"]
[Result "0-1"]
[WhiteElo "2496"]
[BlackElo "2365"]
[TimeControl "180+1"]
[EndTime "10:05:17 PDT"]
[Termination "mapleaff won by resignation"]

1. e4 c5 2. Nf3 Nf6 3. Nc3 d5 4. e5 Nfd7 5. d4 Nc6 6. Nxd5 cxd4 7. e6 fxe6 8. Nf4 Nf6 9. Bc4 e5 10. Ne6 Qd6 11. O-O Bxe6 12. Bb5 Bd5 13. Nd2 O-O-O 14. b4 e4 15. Re1 h5 16. Bf1 Ng4 17. g3 e3 18. fxe3 Nxe3 19. Qe2 Nxc2 20. b5 Na5 21. Bb2 Nxe1 22. Rxe1 e5 23. b6 axb6 24. Ne4 Bxe4 25.
Qxe4 Qd5 26. Qf5+ Qd7 27. Qxe5 Bd6 28. Qg5 Bc5 29. Bg2 d3+ 30. Kh1 d2 31. Rd1 Qg4 32. Qxg4+ hxg4 33. Rxd2 Rxd2 0-1

[Event "Early-Titled-Tuesday-Blitz-September-26-2023"]
[Site "Chess.com"]
[Date "2023.09.26"]
[Round "11"]
[White "djokovic74"]
[Black "Rap_woyska"]
[Result "1-0"]
[WhiteElo "2680"]
[BlackElo "2526"]
[TimeControl "180+1"]
[EndTime "10:05:21 PDT"]
[Termination "djokovic74 won by resignation"]

1. e4 e6 2. d4 d5 3. Nd2 Be7 4. e5 c5 5. c3 Qb6 6. Ngf3 Nc6 7. Nb3 cxd4 8. cxd4 Bb4+ 9. Bd2 Nge7 10. Bd3 a5 11.
O-O Bxd2 12. Qxd2 a4 13. Nc1 Bd7 14. Ne2 Qb4 15. Qg5 Ng6 16. a3 Qb3 17. Qe3 Na5 18. h4 Nc4 19. Bxc4 Qxe3 20. fxe3 dxc4 21. h5 Ne7 22.
Nc3 Nd5 23. Ne4 Ke7 24. Rae1 Bc6 25. Nd6 f6 26. Nxc4 Bb5 27. Nfd2 Rac8 28. exf6+ gxf6 29. Rc1 Rc7 30. e4 Rhc8 31. exd5 Bxc4 32. Nxc4 Rxc4 33. Rxc4 Rxc4 34. Re1 Rxd4 35. Rxe6+ Kf7 36. Rb6 Rxd5 37. Rxb7+ Ke6 38. Rxh7 Rb5 39. Ra7 Rxb2 40. Rxa4 Rb8 41. Rh4 Kf5 42. h6 Kg5 43. Rh3 Rh8 44. Kf2 Kg6 45.
Ke2 Kh7 46. a4 Ra8 47. Rh4 f5 48. Kd3 Ra5 49. Kc3 f4 50. Rxf4 Kxh6 51. Kb4 1-0

[Event "Early-Titled-Tuesday-Blitz-September-26-2023"]
[Site "Chess.com"]
[Date "2023.09.26"]
[Round "11"]
[White "PavelChernomordik"]
[Black "spotbet"]
[Result "1-0"]
[WhiteElo "2505"]
[BlackElo "2396"]
[TimeControl "180+1"]
[EndTime "10:05:22 PDT"]
[Termination "PavelChernomordik won by resignation"]

1. e4 e6 2. Nc3 d5 3. d4 Bb4 4.
Ne2 dxe4 5. a3 Bxc3+ 6. Nxc3 Nf6 7. Bg5 Nc6 8. Bb5 Bd7 9. Nxe4 a6 10. Be2 h6 11. Nxf6+ gxf6 12. Bh4 Rg8 13. Bf3 Qe7 14. Qd2 Rg6 15. O-O-O Qd6 16. d5 Ne5 17. Bh5 Rxg2 18.
Bxf6 Ng4 19. Bxg4 Rxg4 20. Qxh6 Qf4+ 21. Qxf4 Rxf4 22. Be5 Rxf2 23. dxe6 Bxe6 24. h4 Rd8 25. Rxd8+ Kxd8 26. h5 Bf5 27. h6 Rxc2+ 28. Kd1 Rc5 29. Bf6+ Kd7 30. h7 Rd5+ 31. Ke2 Bxh7 32. Rxh7 Ke6 33.
Bc3 Rg5 34. Rh6+ Kd5 35. Rf6 b5 36. Rxf7 c5 37. Kd3 Rg3+ 38. Kc2 Rg2+ 39. Kb3 Rg3 40. Ra7 Rg6 41. Rf7 Kc6 42. Rf6+ Rxf6 43. Bxf6 a5 44. Kc3 Kd5 45. Bd8 a4 46. Kd3 b4 47.
axb4 cxb4 48. Be7 Kc6 49. Bxb4 Kb5 50. Kc3 1-0

[Event "Early-Titled-Tuesday-Blitz-September-26-2023"]
[Site "Chess.com"]
[Date "2023.09.26"]
[Round "11"]
[White "Eloist"]
[Black "AttilaTurzo"]
[Result "1-0"]
[WhiteElo "2496"]
[BlackElo "2462"]
[TimeControl "180+1"]
[EndTime "10:05:22 PDT"]
[Termination "Eloist won by resignation"]

1. e4 c5 2. Nf3 Nc6 3. Bb5 g6 4. Bxc6 dxc6 5. d3 Bg7 6. O-O e5 7. Be3 Qe7 8. a4 b6 9. a5 Rb8 10.
axb6 axb6 11. Nbd2 Nf6 12. Nc4 Nd7 13. Ra7 O-O 14.
Qd2 f6 15. Rfa1 Bb7 16. b4 Ra8 17. bxc5 bxc5 18. Rxa8 Rxa8 19. Rxa8+ Bxa8 20. Qa5 Qf8 21. Qc7 Qb8 22. Qxb8+ Nxb8 23. Bxc5 Nd7 24. Bd6 c5 25. Nfd2 Bf8 26. Bxf8 Kxf8 27. g3 Ke7 28. f4 exf4 29.
gxf4 Bc6 30. Kf2 Ba4 31. Nb3 Bb5 32. Ne3 Bc6 33. c4 Kd6 34. Nd5 f5 35. Ke3 fxe4 36. dxe4 Ba4 37. e5+ Ke6 38. Nd2 Kf5 39. h3 Bc2 40.
Kf3 Nf8 41. Ne3+ Ke6 42. Nxc2 1-0

[Event "Early-Titled-Tuesday-Blitz-September-26-2023"]
[Site "Chess.com"]
[Date "2023.09.26"]
[Round "11"]
[White "kroppar"]
[Black "Arteler"]
[Result "0-1"]
[WhiteElo "2422"]
[BlackElo "2591"]
[TimeControl "180+1"]
[EndTime "10:05:23 PDT"]
[Termination "Arteler won by resignation"]

1. e4 e6 2. d3 d5 3. Nd2 Nf6 4. Ngf3 Nc6 5. c3 a5 6. Be2 dxe4 7. dxe4 e5 8. h3 Bc5 9. O-O O-O 10. Qc2 Qe7 11.
Nc4 Be6 12. Bg5 h6 13. Bh4 g5 14. Bg3 Bxc4 15. Bxc4 Nh5 16. Bh2 Nf4 17. g3 Nxh3+ 18.
Kg2 g4 19. Nh4 Ng5 20. Nf5 Qf6 21. Qe2 h5 22. Rh1 Ne7 23. Nxe7+ Bxe7 24. Bg1 Qg6 25. Re1 Nf3 26. Rd1 Rad8 27. Bh2 Bc5 28. Bd5 c6 29. Bb3 Kg7 30. Bc2 Qg5 31. a3 f6 32.
b4 axb4 33. axb4 Bb6 34. b5 h4 35. gxh4 Nxh4+ 36. Kg1 Rxd1+ 37. Bxd1 g3 38. Bxg3 Qxg3+ 39. Kf1 Qg2+ 40. Ke1 Qxh1+ 41. Kd2 Rd8+ 42. Kc2 Qxd1+ 43.
Qxd1 Rxd1 44. Kxd1 Bxf2 0-1

[Event "Early-Titled-Tuesday-Blitz-September-26-2023"]
[Site "Chess.com"]
[Date "2023.09.26"]
[Round "11"]
[White "lefonghua"]
[Black "Iball95"]
[Result "1-0"]
[WhiteElo "2639"]
[BlackElo "2766"]
[TimeControl "180+1"]
[EndTime "10:05:25 PDT"]
[Termination "lefonghua won by checkmate"]

1. d4 d5 2. c4 e6 3. Nc3 c5 4.
cxd5 cxd4 5. Qa4+ Bd7 6. Qxd4 exd5 7. Qxd5 Nf6 8. Qd1 Bc5 9. e3 O-O 10. Nf3 Qe7 11. Be2 Rd8 12. O-O Nc6 13. a3 Ne5 14. Nd5 Nxd5 15. Qxd5 Nxf3+ 16. Bxf3 Bc6 17. Qh5 g6 18. Qh3 Bd7 19. Qh6 Qf6 20. e4 Bb5 21. Bg5 Qxb2 22. Rab1 Qe5 23. Rxb5 Rd3 24. Rxb7 Rc8 25.
Qh4 Bd4 26. Bf4 Qc5 27. Qe7 Qc4 28. Be5 Bc5 29. Qf6 Bxf2+ 30. Kh1 Rd1 31. Qg7# 1-0

[Event "Early-Titled-Tuesday-Blitz-September-26-2023"]
[Site "Chess.com"]
[Date "2023.09.26"]
[Round "11"]
[White "Francisco_Ferrari"]
[Black "HrvojeZagreb"]
[Result "0-1"]
[WhiteElo "2386"]
[BlackElo "2309"]
[TimeControl "180+1"]
[EndTime "10:05:25 PDT"]
[Termination "HrvojeZagreb won on time"]

1. e4 c5 2. Nf3 a6 3. d4 cxd4 4. Nxd4 Nf6 5. e5 Qa5+ 6. Nc3 Qxe5+ 7. Be2 Nc6 8. Nf3 Qc7 9. Bg5 h6 10. Bxf6 gxf6 11. O-O e6 12. Ne4 Be7 13. Qd2 d5 14. Ng3 Bd7 15. Rfe1 h5 16. c4 dxc4 17. Bxc4 h4 18.
Ne4 f5 19. Qc3 O-O-O 20. Ned2 Rhg8 21. a3 Rg4 22. b4 Rdg8 23. Bf1 Nd4 24. Qxc7+ Kxc7 25. Rac1+ Kb8 26. Ne5 Be8 27. Nxg4 Rxg4 28. h3 Rg8 29. Rc4 Bf6 30. Rec1 Bc6 31. Kh1 e5 32. R1c3 e4 33. Rc1 Rd8 34. Rd1 Nb5 35. Rcc1 Nc3 36. Re1 Rxd2 37. Kg1 Bd4 0-1

[Event "Early-Titled-Tuesday-Blitz-September-26-2023"]
[Site "Chess.com"]
[Date "2023.09.26"]
[Round "11"]
[White "Rainbow2014"]
[Black "Lady_Nika"]
[Result "1-0"]
[WhiteElo "2462"]
[BlackElo "2502"]
[TimeControl "180+1"]
[EndTime "10:05:26 PDT"]
[Termination "Rainbow2014 won by checkmate"]

1. e4 e6 2. d4 d5 3. Nc3 Nf6 4. Bg5 Be7 5. e5 Nfd7 6. Bxe7 Qxe7 7. f4 a6 8. Nf3 c5 9. Be2 Nc6 10. Qd2 b5 11. O-O cxd4 12. Nxd4 Qc5 13. Rad1 Bb7 14. Kh1 Nxd4 15. Qxd4 O-O-O 16. Qd3 Kb8 17. Bf3 Nb6 18. Ne2 Nc4 19. Rb1 Ne3 20. Rfc1 h5 21. Nd4 Ng4 22. Qd2 g6 23. c3 Rc8 24. a4 bxa4 25. Ra1 Bc6 26.
b3 Ka7 27. bxa4 Rb8 28. h3 Nh6 29. Nb5+ Bxb5 30. axb5 Rxb5 31. c4 Qb4 32. Rxa6+ Kb7 33. Qa2 Rb8 34. cxb5 Nf5 35. Ra7+ Kb6 36. Qa6# 1-0

[Event "Early-Titled-Tuesday-Blitz-September-26-2023"]
[Site "Chess.com"]
[Date "2023.09.26"]
[Round "11"]
[White "m_ezat"]
[Black "Boxerandchessplayer"]
[Result "1-0"]
[WhiteElo "2504"]
[BlackElo "2185"]
[TimeControl "180+1"]
[EndTime "10:05:26 PDT"]
[Termination "m_ezat won on time"]

1. d4 e6 2. Nc3 d5 3. e4 dxe4 4. Nxe4 Nd7 5. Nf3 Ngf6 6. Bg5 Be7 7. Nxf6+ Nxf6 8. Bd3 O-O 9. Qe2 Rb8 10. O-O-O b6 11.
h4 Bb7 12. h5 Nd5 13. Bd2 Nb4 14. Bxb4 Bxb4 15. Be4 Bxe4 16. Qxe4 Qd5 17. Qxd5 exd5 18.
Ne5 Rbc8 19. Nc6 a5 20. g3 Rfe8 21. c3 Bd6 22. Rde1 f6 23. Kc2 Kf7 24. Kd3 Rxe1 25.
Rxe1 Re8 26. Rg1 Ke6 27. Re1+ Kd7 28. Rxe8 Kxe8 29. Na7 Kd7 30. Nb5 Bf8 31. c4 dxc4+ 32. Kxc4 c6 33. Nc3 Ke6 34. g4 g6 35. hxg6 hxg6 36.
d5+ cxd5+ 37. Nxd5 Bc5 38. f4 f5 39. gxf5+ Kxf5 40. a3 Bf2 41. a4 Ke4 42. b3 Be3 43. Ne7 Kxf4 44. Nxg6+ 1-0

[Event "Early-Titled-Tuesday-Blitz-September-26-2023"]
[Site "Chess.com"]
[Date "2023.09.26"]
[Round "11"]
[White "chessdjw"]
[Black "zajka-molotok"]
[Result "0-1"]
[WhiteElo "2675"]
[BlackElo "2557"]
[TimeControl "180+1"]
[EndTime "10:05:27 PDT"]
[Termination "zajka-molotok won on time"]

1. d4 d5 2. Nf3 Nf6 3. g3 c6 4.
c4 Bf5 5. Nc3 e6 6. Nh4 Bg4 7. h3 Bh5 8. g4 Nfd7 9. Qb3 b6 10.
Ng2 Bg6 11. Nf4 Bd6 12. Nxg6 hxg6 13. e4 e5 14. dxe5 Nxe5 15. cxd5 Nf3+ 16. Kd1 O-O 17.
Be3 Qf6 18. Bg2 Nh4 19. g5 Qe7 20. Bf1 cxd5 21. Qxd5 Nd7 22. Kc2 Ne5 23. Rd1 Rfd8 24. f4 Nef3 25. Qb3 Rac8 26. Bc4 Ng2 27. Bc1 Bxf4 28.
Kb1 Bxc1 29. Kxc1 Qxg5+ 30. Kb1 Qe7 31. Ka1 Ne3 0-1

[Event "Early-Titled-Tuesday-Blitz-September-26-2023"]
[Site "Chess.com"]
[Date "2023.09.26"]
[Round "11"]
[White "ajedrezhoy"]
[Black "Alenzer"]
[Result "1-0"]
[WhiteElo "2362"]
[BlackElo "2109"]
[TimeControl "180+1"]
[EndTime "10:05:27 PDT"]
[Termination "ajedrezhoy won on time"]

1. c4 c5 2. Nc3 Nc6 3. e4 d6 4. g3 g6 5. Bg2 Bg7 6. Nge2 e6 7. d3 Nge7 8. O-O O-O 9. Rb1 a6 10. Be3 Nd4 11. b4 Nxe2+ 12. Nxe2 cxb4 13. Rxb4 Nc6 14. Rb1 Qa5 15. Qb3 Qc7 16. Bb6 Qe7 17. d4 Bd7 18. Rbd1 Rfc8 19. Qa3 h5 20. f4 Re8 21. d5 Nd8 22. Bc7 exd5 23. Bxd6 Qf6 24. cxd5 Bb5 25. Rfe1 h4 26. Nd4 Bd7 27. Nf3 hxg3 28. hxg3 Qc3 29.
Qxc3 Bxc3 30. Re2 b5 31. Ne5 Bc8 32. Rc2 b4 33. Ng4 Bb7 34. e5 Kg7 35. Nf6 Rh8 36.
Ne4 a5 37. Nxc3 bxc3 38. Rxc3 Rc8 39. Bc7 Ba6 40. d6 a4 41. Rdc1 Nb7 42. d7 Rxc7 43.
Rxc7 1-0

[Event "Early-Titled-Tuesday-Blitz-September-26-2023"]
[Site "Chess.com"]
[Date "2023.09.26"]
[Round "11"]
[White "GMaka"]
[Black "jk13"]
[Result "0-1"]
[WhiteElo "2439"]
[BlackElo "2613"]
[TimeControl "180+1"]
[EndTime "10:05:29 PDT"]
[Termination "jk13 won by resignation"]

1. d3 d5 2. g3 h5 3. h4 Nc6 4. d4 Bf5 5. c3 e5 6. dxe5 Nxe5 7. Nf3 Nxf3+ 8. exf3 Qd7 9. Bd3 O-O-O 10. O-O Bxd3 11. Qxd3 Qh3 12. Be3 Bd6 13. Nd2 Ne7 14. Rfe1 Bxg3 15. fxg3 Qxg3+ 16. Kf1 Qxh4 17. Kg2 Qf6 18. Bf2 Nf5 19. Nb3 Rh6 20. Nd4 Rg6+ 21. Kf1 Ng3+ 22. Bxg3 Rxg3 23. Kf2 Rg5 24. Rg1 Re5 25. Rh1 Rde8 26.
b4 g6 27. Qd2 R8e7 28. Rae1 Rxe1 29. Rxe1 Qh4+ 30. Kf1 Qh1+ 31. Kf2 Qh2+ 32. Kf1 Qxd2 33. Rxe7 Qxc3 34. Rxc7+ Qxc7 0-1

[Event "Early-Titled-Tuesday-Blitz-September-26-2023"]
[Site "Chess.com"]
[Date "2023.09.26"]
[Round "11"]
[White "amylazy"]
[Black "LeoWin2012"]
[Result "1-0"]
[WhiteElo "2439"]
[BlackElo "2327"]
[TimeControl "180+1"]
[EndTime "10:05:29 PDT"]
[Termination "amylazy won on time"]

1. d4 Nf6 2. Nf3 g6 3. g3 Bg7 4. Bg2 O-O 5. O-O d6 6. a4 Nbd7 7. a5 a6 8. Re1 e5 9. e4 Re8 10. Nc3 exd4 11. Nxd4 Ne5 12. h3 Bd7 13. Kh2 Nc6 14.
Nb3 Be6 15. Bg5 Bxb3 16. cxb3 Qd7 17. Qd2 Re7 18. Nd5 Re6 19. b4 Rae8 20. Bxf6 Bxf6 21. b5 axb5 22. a6 bxa6 23. Rxa6 Bg7 24. Rc1 Nd4 25.
Nxc7 Nb3 26. Qc2 Nxc1 27. Nxe8 Rxe8 28. Qxc1 Rc8 29. Qd2 Rd8 30. f4 Qc7 31. b3 Qc3 32. Qd5 Qc5 33. Qb7 b4 34. Rc6 Qd4 35. Rc4 Qd3 36. Qxb4 Bf6 37. Qb6 Qd2 38. e5 dxe5 39. Qxf6 exf4 40. Rxf4 1-0

[Event "Early-Titled-Tuesday-Blitz-September-26-2023"]
[Site "Chess.com"]
[Date "2023.09.26"]
[Round "11"]
[White "ShahMatKanal"]
[Black "LileKoridze"]
[Result "1-0"]
[WhiteElo "2479"]
[BlackElo "2347"]
[TimeControl "180+1"]
[EndTime "10:05:31 PDT"]
[Termination "ShahMatKanal won on time"]

1. d4 Nf6 2. Nf3 d5 3. c4 e6 4. g3 Bb4+ 5. Nc3 O-O 6. cxd5 exd5 7. Bg2 Re8 8. O-O c6 9. Ne5 Nbd7 10. f4 Bxc3 11. bxc3 Ne4 12. Qb3 Ndf6 13. a4 a5 14.
e3 Qc7 15. c4 dxc4 16. Qxc4 Be6 17. Qc2 Bd5 18. Ba3 Nd6 19. g4 Bxg2 20. Qxg2 Nd5 21. Rf3 Ne4 22. g5 f6 23. gxf6 Ndxf6 24. Kh1 Qc8 25. Rg1 Nh5 26. Ng4 Kh8 27. f5 Qd7 28.
Ne5 Qc7 29. Rh3 Nef6 30. Bd6 1-0

[Event "Early-Titled-Tuesday-Blitz-September-26-2023"]
[Site "Chess.com"]
[Date "2023.09.26"]
[Round "11"]
[White "noblerone"]
[Black "EvgenyBurmakin"]
[Result "1-0"]
[WhiteElo "2498"]
[BlackElo "2327"]
[TimeControl "180+1"]
[EndTime "10:05:33 PDT"]
[Termination "noblerone won on time"]

1. d4 b6 2. c4 e6 3. Nc3 Bb7 4. a3 f5 5. Nf3 Nf6 6. g3 Be7 7. Bg2 Ne4 8. O-O Nxc3 9. bxc3 Be4 10. Ne5 Bxg2 11. Kxg2 O-O 12. a4 d6 13. Nd3 Nc6 14. Ba3 Na5 15. c5 Nc4 16. cxd6 cxd6 17. Nf4 Qd7 18. d5 e5 19. Ne6 Rfc8 20. e4 fxe4 21.
Qe2 Bf6 22. a5 Nxa5 23. h4 Rxc3 24. Qxe4 Rc4 25. Qe2 e4 26. Rac1 Rac8 27. Bb2 Rxc1 28. Bxc1 Rxc1 29. Rxc1 Qb7 30. Qxe4 Nb3 31. Rc7 Qb8 32.
Qf3 Nc5 33. Qg4 1-0

[Event "Early-Titled-Tuesday-Blitz-September-26-2023"]
[Site "Chess.com"]
[Date "2023.09.26"]
[Round "11"]
[White "Zohid6"]
[Black "rasmussvane"]
[Result "1-0"]
[WhiteElo "2801"]
[BlackElo "2981"]
[TimeControl "180+1"]
[EndTime "10:05:35 PDT"]
[Termination "Zohid6 won by resignation"]

1. d4 d5 2. Nc3 Nf6 3. Bf4 c6 4. e3 Bf5 5. Nf3 e6 6. Ne5 h5 7. Bd3 Nbd7 8. O-O Be7 9. h3 Nxe5 10.
dxe5 Nd7 11. e4 dxe4 12. Bxe4 Nc5 13. Bxf5 Qxd1 14. Raxd1 exf5 15. Be3 Ne6 16. Ne2 g5 17. f3 Rg8 18. g4 f4 19. Bf2 Rh8 20. Nc3 b6 21.
Ne4 Rd8 22. a4 hxg4 23. hxg4 c5 24. c3 Rh6 25. Kg2 Nc7 26. Rh1 Rxd1 27. Rxh6 Rb1 28.
Rh8+ Kd7 29. Rh7 Ke6 30. Rh6+ Kxe5 31. Rh7 Ke6 32. Rh6+ Kd7 33. Rh7 Rxb2 34. Rxf7 Ne6 35. Nf6+ Kd8 36. Nd5 Bd6 37. Rxa7 c4 38. Ra8+ Kd7 39.
Nxb6+ Kc6 40. Nxc4 Bc5 41. Nxb2 1-0

[Event "Early-Titled-Tuesday-Blitz-September-26-2023"]
[Site "Chess.com"]
[Date "2023.09.26"]
[Round "11"]
[White "stepanosinovsky"]
[Black "Alexei_Gubajdullin"]
[Result "0-1"]
[WhiteElo "2374"]
[BlackElo "2697"]
[TimeControl "180+1"]
[EndTime "10:05:38 PDT"]
[Termination "Alexei_Gubajdullin won by resignation"]

1. Nf3 Nf6 2. g3 g6 3. Bg2 Bg7 4. O-O O-O 5. d3 c5 6. e4 Nc6 7. Re1 d6 8. Nc3 Bg4 9. h3 Bxf3 10. Qxf3 Nd7 11. a4 Rb8 12. h4 a6 13. h5 b5 14.
Nd5 e6 15. Nf4 Nd4 16. Qd1 b4 17. h6 Bh8 18. Ne2 b3 19. Nxd4 cxd4 20. cxb3 Nc5 21.
Ra3 Qb6 22. a5 Qb5 23. Bf4 Rfd8 24. e5 Qxd3 25. exd6 Qxd1 26. Rxd1 e5 27. b4 Ne6 28. Bd2 Rxd6 29. Rb3 f5 30. b5 axb5 31. Bf1 e4 32. Rxb5 Rxb5 33. Bxb5 e3 34. Bb4 Rd8 35. fxe3 Kf7 36.
Bc4 Rb8 37. Bc5 Rxb2 38. exd4 Rc2 39. Bb3 Rc3 40. Bd5 Kf6 41. Re1 Nxc5 42. dxc5 Rxc5 43. Bg8 Kg5 44. Bxh7 Kxh6 45. Bg8 Rxa5 46. Kg2 Be5 47. Bc4 Kg5 48. Re3 Rc5 49. Be2 Kf6 50. Rb3 Rc2 51. Kf2 Kg5 52. Re3 Bd4 53. Kf3 Bxe3 54.
Kxe3 Rc3+ 55. Kf2 Ra3 0-1

[Event "Early-Titled-Tuesday-Blitz-September-26-2023"]
[Site "Chess.com"]
[Date "2023.09.26"]
[Round "11"]
[White "AleksandrAleksikov"]
[Black "KatakuriDono"]
[Result "0-1"]
[WhiteElo "2212"]
[BlackElo "2322"]
[TimeControl "180+1"]
[EndTime "10:05:42 PDT"]
[Termination "KatakuriDono won on time"]

1. e4 e5 2. Nf3 Nc6 3. c3 d5 4. Qa4 f6 5. Bb5 Qd6 6. exd5 Qxd5 7. d4 e4 8. c4 Qd6 9. Nfd2 Bd7 10. d5 Nd4 11. Nxe4 Qe7 12. Bxd7+ Qxd7 13. Qd1 Bb4+ 14. Nbc3 c5 15. dxc6 Nxc6 16. Qxd7+ Kxd7 17. a3 Bxc3+ 18. Nxc3 Nge7 19. Bf4 Rad8 20. O-O-O+ Kc8 21. Nb5 Nf5 22. g4 a6 23. gxf5 axb5 24. cxb5 Nd4 25. Kb1 Nxf5 26. Rc1+ Kd7 27. Rc7+ Ke6 28. Re1+ Kd5 29. Rxb7 Rc8 30. a4 Kc4 31. a5 Kb3 32. a6 Rc2 33. Bc1 Nd6 34.
Rb6 Nc4 35. Rc6 Rd8 36. b6 Na3+ 0-1

[Event "Early-Titled-Tuesday-Blitz-September-26-2023"]
[Site "Chess.com"]
[Date "2023.09.26"]
[Round "11"]
[White "JosefineHeinemann"]
[Black "Kopytkin"]
[Result "1-0"]
[WhiteElo "2547"]
[BlackElo "2368"]
[TimeControl "180+1"]
[EndTime "10:05:44 PDT"]
[Termination "JosefineHeinemann won on time"]

1. Nf3 g6 2. g3 Bg7 3. d4 c5 4. Bg2 cxd4 5. Nxd4 d5 6. O-O e5 7. Nb3 Ne7 8. c4 d4 9. e3 Nbc6 10. exd4 exd4 11. Bf4 O-O 12. c5 Re8 13. Re1 Be6 14. N1d2 Nd5 15. Bd6 Qd7 16. Ne4 h6 17. Qd3 Ndb4 18.
Qd1 d3 19. Nc3 Nc2 20. Qxd3 Nxa1 21. Rxa1 Bf5 22. Qd2 Rad8 23. Rd1 Be5 24. Nd5 Kg7 25. Nc7 Qxc7 26. Bxc7 Rxd2 27. Bxe5+ Rxe5 28. Nxd2 Rxc5 29. Ne4 Rc2 30. Nd6 Rxb2 31. Nxf5+ gxf5 32. h4 Rxa2 33. Rd7 Rb2 34. Bxc6 bxc6 35. Rxa7 Rc2 36. Rc7 Kf6 37.
Kg2 Ke5 38. Rxf7 h5 39. Rh7 c5 40. Rxh5 c4 41. g4 Kf4 42. g5 Ra2 43. Rh8 Ra7 44. Rc8 Ra4 45. g6 1-0

[Event "Early-Titled-Tuesday-Blitz-September-26-2023"]
[Site "Chess.com"]
[Date "2023.09.26"]
[Round "11"]
[White "Zampronha1971"]
[Black "Kotofeyca"]
[Result "0-1"]
[WhiteElo "2263"]
[BlackElo "2376"]
[TimeControl "180+1"]
[EndTime "10:05:50 PDT"]
[Termination "Kotofeyca won by resignation"]

1. e4 c5 2. Nf3 d6 3. d4 cxd4 4.
Nxd4 Nf6 5. Nc3 a6 6. Bg5 e6 7. f4 Qb6 8. Qd2 Nc6 9. O-O-O Bd7 10. Nf3 Qc7 11. e5 dxe5 12. fxe5 Ng4 13. Bf4 O-O-O 14. h3 Ngxe5 15. Nxe5 Nxe5 16. Qe3 f6 17. Bxe5 Qxe5 18. Qxe5 fxe5 19. Re1 Bd6 20. Ne4 Bc7 21. Bc4 b5 22. Bb3 a5 23. Ng5 Rde8 24. a3 a4 25.
Ba2 Re7 26. Re2 h6 27. Ne4 Bc6 28. Rhe1 Rf8 29. Nc5 Bd5 30. Kb1 Bd6 31. Nd3 Rf5 32.
Nxe5 Bxa2+ 33. Kxa2 Rc7 34. c3 Rc5 35. Nf3 e5 36. Nd2 Rd5 37. Ne4 Kd7 38. Kb1 Ke6 39. Kc2 Bc7 40. Rd2 h5 41. Rxd5 Kxd5 42. Kd3 Bd8 43. Kc2 Rf4 44. Nd2 Rf2 45. Rg1 Bg5 0-1

[Event "Early-Titled-Tuesday-Blitz-September-26-2023"]
[Site "Chess.com"]
[Date "2023.09.26"]
[Round "11"]
[White "ContrVersia"]
[Black "Jagerrmeisterr"]
[Result "1-0"]
[WhiteElo "2890"]
[BlackElo "2710"]
[TimeControl "180+1"]
[EndTime "10:05:51 PDT"]
[Termination "ContrVersia won by resignation"]

1. Nf3 Nf6 2. c4 b6 3. g3 Bb7 4. Bg2 g6 5. d4 Bg7 6. O-O O-O 7. d5 e6 8. Nc3 Re8 9. Nd4 e5 10. Nc2 d6 11. e4 a5 12. a3 Bc8 13. b4 axb4 14. axb4 Rxa1 15. Nxa1 Rf8 16. Nb3 Ba6 17. Qd3 Nfd7 18. Bd2 f5 19. Ra1 Qc8 20. f3 h5 21. Bh3 Kh8 22. b5 Bb7 23. exf5 e4 24.
fxe4 Ne5 25. Qe2 Qe8 26. Ra7 Bc8 27. Nd4 Ng4 28. Ne6 Bxe6 29. dxe6 Bd4+ 30. Kg2 gxf5 31.
exf5 Rxf5 32. Bxg4 Rf2+ 33. Qxf2 Bxf2 34. Bh3 Bd4 35.
Rxc7 Na6 36. bxa6 Qa8+ 37. Nd5 Qf8 38. Rf7 Qe8 39. Bf5 Qa4 40. e7 Bg7 41. Rf8+ 1-0

[Event "Early-Titled-Tuesday-Blitz-September-26-2023"]
[Site "Chess.com"]
[Date "2023.09.26"]
[Round "11"]
[White "rose107"]
[Black "NowInChess"]
[Result "0-1"]
[WhiteElo "2096"]
[BlackElo "2254"]
[TimeControl "180+1"]
[EndTime "10:05:51 PDT"]
[Termination "NowInChess won by resignation"]

1. e4 e6 2. d4 d5 3. e5 c5 4.
c3 Nc6 5. Nf3 Qb6 6. Bd3 Nh6 7.
O-O cxd4 8. cxd4 Nf5 9. Bxf5 exf5 10. Nc3 Be6 11. Na4 Qc7 12. Bg5 h6 13. Bf4 g5 14.
Bd2 Be7 15. Rc1 Rc8 16. b4 Qd8 17. b5 Na5 18. Rxc8 Bxc8 19. Bxa5 Qxa5 20. Qc2 O-O 21.
Nc5 Qxb5 22. Rb1 Qc6 23. h3 b6 24. e6 bxc5 25. exf7+ Rxf7 26. Ne5 Qc7 27. Nxf7 Kxf7 28.
dxc5 Bd7 29. Rc1 Bc6 30. Qxf5+ Ke8 31. Qg6+ Kd8 32. Qg8+ Kd7 33. Qf7 Qf4 34. Qxf4 gxf4 35. g3 fxg3 36. fxg3 d4 37. Kf2 Bg5 38. Rd1 Be3+ 39.
Ke2 Bb5+ 40. Ke1 Kc6 41. g4 Kxc5 42. Rb1 d3 43. h4 d2+ 44. Kd1 Ba4+ 45. Ke2 d1=Q+ 46.
Rxd1 Bxd1+ 47. Kxd1 Kd4 48. g5 hxg5 49. hxg5 Bxg5 50.
Kc2 Kc4 51. Kb1 Bf6 52. a3 Kb3 53. a4 Kxa4 54. Ka2 Kb4 55. Kb1 Kb3 56. Kc1 a5 57.
Kb1 a4 58. Kc1 a3 59. Kd2 a2 60. Ke2 a1=Q 61. Kd2 Qc3+ 0-1